AoeStats
← 刘宇航

Black Forest

507254986Analyzed
2v2 RM · 13d ago on Sep 17, 2026· 65m 48s· 4 players
Game mode
Random Map
Map size
Medium (4 player)
Population
200
Speed
Normal
Resources
Standard
Victory
Conquest
Starting age
Dark Age
Ending age
Imperial Age
RankedLock teamsTeams togetherTeam positionsShared explorationLock speedFull tech treeHidden civsTurbo modeCheats
Victory
Defeat
🇺🇸 Japanese · United States
663
+15
🇦🇺 Vietnamese · Australia
646
+16
🇨🇳 Franks · China
678
-17
🇨🇳 Sicilians · China
600
-14
刘宇航
11:55 Feudal Age
13:12 Man-at-Arms
14:16 Horse Collar
14:28 Double-Bit Axe
35:10 Castle Age
33:22 Gold Mining
33:22 Stone Mining
33:47 Forging
33:42 Scale Barding Armor
36:27 Gambesons
36:04 Long Swordsman
38:05 Husbandry
38:15 Bloodlines
44:19 Heavy Plow
44:59 Wheelbarrow
44:10 Loom
49:49 Imperial Age
47:12 Loom
48:31 Hand Cart
48:59 Gold Shaft Mining
49:00 Stone Shaft Mining
49:48 Scale Mail Armor
52:00 Conscription
52:12 Conscription
52:44 Chain Mail Armor
55:26 Elite Serjeant
61:07 Pikeman
61:48 Squires
64:06 Plate Mail Armor
1765391552
2:28 Loom
14:25 Feudal Age
19:07 Castle Age
28:28 Husbandry
35:37 Imperial Age
33:43 Wheelbarrow
32:54 Town Watch
33:57 Scale Barding Armor
33:54 Scale Mail Armor
34:04 Forging
33:46 Fletching
33:57 Padded Archer Armor
35:40 Cavalier
38:47 Onager
40:17 Paladin
43:20 Stone Mining
43:20 Gold Mining
43:27 Double-Bit Axe
50:55 Chain Barding Armor
50:51 Leather Archer Armor
50:32 Bodkin Arrow
51:13 Iron Casting
52:07 Hand Cart
51:53 Town Patrol
56:14 Ballistics
56:58 Chemistry
55:57 Arrowslits
59:17 Elite Skirmisher
59:24 Elite Skirmisher
61:30 Conscription
Cypress Fever
0:29 Loom
14:45 Feudal Age
19:07 Horse Collar
19:18 Double-Bit Axe
20:30 Stone Mining
24:07 Wheelbarrow
27:21 Castle Age
28:01 Man-at-Arms
28:03 Pikeman
28:29 Gambesons
28:45 Squires
28:30 Arson
30:48 Long Swordsman
31:41 Scale Mail Armor
41:03 Imperial Age
39:11 Yasama
39:33 Chain Mail Armor
39:28 Forging
40:22 Gold Mining
40:47 Bow Saw
40:41 Heavy Plow
40:53 Padded Archer Armor
40:43 Fletching
42:20 Halberdier
43:41 Elite Samurai
46:33 Onager
51:15 Two-Man Saw
53:26 Two-Handed Swordsman
57:05 Conscription
58:46 Chemistry
58:07 Ballistics
57:29 Treadmill Crane
65:51 Iron Casting
65:47 Plate Mail Armor
65:33 Leather Archer Armor
65:13 Bodkin Arrow
Vatiking
6:43 Loom
11:44 Feudal Age
12:11 Double-Bit Axe
13:04 Wheelbarrow
12:22 Gold Mining
20:04 Castle Age
27:23 Hand Cart
29:30 Crossbowman
36:36 Fletching
43:01 Horse Collar
43:37 Bow Saw
46:12 Imperial Age
43:46 Stone Mining
45:09 Chatras
44:59 Treadmill Crane
45:41 Ballistics
45:57 Heavy Plow
47:28 Crop Rotation
48:02 Two-Man Saw
47:27 Paper Money
46:30 Elite Rattan Archer
48:32 Chemistry
47:31 Bodkin Arrow
47:37 Padded Archer Armor
47:39 Scale Mail Armor
47:45 Scale Barding Armor
47:44 Husbandry
51:58 Chain Barding Armor
51:54 Chain Mail Armor
52:47 Elite Battle Elephant
54:30 Bloodlines
59:08 Plate Mail Armor
60:23 Plate Barding Armor
63:46 Bracer
64:02 Leather Archer Armor
64:32 Hoardings
64:08 Siege Engineers
63:59 Murder Holes
Connection lost

Rejoining the realm…

Still unreachable

The connection could not be restored.

Session expired

The server has moved on; the page needs a fresh start.